 Dungeon Crawl Stone Soup version 0.24-a0-458-gfcb5e6da0e (webtiles) character file.

Game seed: 16834646237992590404

10229 Peloso the Carver (level 11, -2/94 (95) HPs)
             Began as a Minotaur Fighter on June 27, 2019.
             Was a High Priest of Okawaru.
             Engulfed by a death drake's foul pestilence (7 damage)
             ... in a Gauntlet.
             The game lasted 00:25:26 (10775 turns).

Peloso the Carver (Minotaur Fighter)               Turns: 10775, Time: 00:25:28

HP:   -2/94 (95)    AC: 14    Str: 29    XL:     11   Next: 33%
MP:   6/11          EV: 10    Int:  5    God:    Okawaru [*****.]
Gold: 221           SH: 13    Dex: 12    Spells: 10/10 levels left

rFire    + . .     SeeInvis .   a - +0 long sword
rCold    . . .     Gourm    +   c - +0 shield
rNeg     . . .     Faith    .   j - +2 chain mail {rF+}
rPois    .         Spirit   .   (helmet restricted)
rElec    .         Reflect  .   D - +0 cloak
rCorr    .         Harm     .   (no gloves)
MR       +....     NoTele   +   (no boots)
Stlth    ..........             M - amulet of the gourmand
HPRegen  0.00/turn              y - ring of wizardry
MPRegen  0.12/turn              T - ring of Xom's Best Wishes {MR+ Str+7}

@: lethally poisoned (-2 -> -23), non-regenerating, diseased, slowed, lightly
drained, very slow
A: retaliatory headbutt, horns 2
a: Heroism, Finesse, Renounce Religion


You were in a Gauntlet.
You worshipped Okawaru.
Okawaru was extremely pleased with you.
You were very full.

You visited 2 branches of the dungeon, and saw 13 of its levels.
You also visited: Gauntlet.

You collected 804 gold pieces.
You spent 583 gold pieces at shops.

Inventory:

Hand Weapons
 a - a +0 long sword (weapon)
 e - a +2 long sword of slicing
Missiles
 l - 7 silver javelins (quivered)
 s - 44 poisoned darts
Armour
 b - a +0 scale mail
 c - a +0 shield (worn)
 j - a +2 chain mail of fire resistance (worn)
 D - a +0 cloak (worn)
 S - +0 acid dragon scales
Jewellery
 y - a ring of wizardry (left hand)
 I - an uncursed amulet of magic regeneration
 K - an uncursed amulet of guardian spirit
 M - an amulet of the gourmand (around neck)
 P - a +2 ring of strength {unknown}
 T - the ring of Xom's Best Wishes (right hand) {MR+ Str+7}
   (You found it in a Gauntlet)

   [ring of protection from magic]

   It affects your strength (+7).
   It affects your resistance to hostile enchantments.
Wands
 p - a wand of disintegration (8)
 B - a wand of digging (5)
 C - a wand of iceblast (27)
 E - a wand of clouds (6)
 L - a wand of flame (21)
 R - a wand of acid (10)
Scrolls
 g - 6 scrolls of remove curse
 h - 4 scrolls of teleportation
 i - a scroll of magic mapping
 k - 6 scrolls of identify
 m - 4 scrolls of fear {unknown}
 n - 3 scrolls of fog {unknown}
 r - 2 scrolls of blinking {unknown}
 t - 2 scrolls of immolation {unknown}
 w - 4 scrolls of amnesia {unknown}
 A - a scroll of enchant weapon
 F - a scroll of brand weapon {unknown}
 Q - 3 scrolls of enchant armour {unknown}
Potions
 d - 3 potions of might
 o - 4 potions of berserk rage
 q - 2 potions of ambrosia
 u - 2 potions of heal wounds
 v - a potion of magic
 x - 3 potions of brilliance
 z - 3 potions of flight
 H - a potion of invisibility
 J - 2 potions of cancellation
 N - a potion of mutation
 O - a potion of haste
Miscellaneous
 U - a fan of gales
Comestibles
 f - 21 rations
 G - 3 chunks of flesh


   Skills:
 + Level 8.3(8.0) Fighting
 + Level 12.5(12.1) Long Blades
 + Level 9.7(9.4) Armour
 + Level 4.5(4.2) Dodging
 + Level 1.3(1.1) Stealth
 + Level 11.5(11.2) Shields
 + Level 1.6(1.3) Invocations
 + Level 1.3(1.0) Evocations


You had 10 spell levels left.
You didn't know any spells.
Your spell library contained the following spells:

 Spells                   Type           Power        Failure   Level  Hunger
 Corona                   Hex            #......      78%         1    ##.....
 Ensorcelled Hibernation  Hex/Ice        #.....       89%         2    ###....
 Confuse                  Hex            #.......     98%         3    ####...
 Dazzling Spray           Conj/Hex       #.....       98%         3    ####...
 Tukima's Dance           Hex            #.......     98%         3    ####...


Dungeon Overview and Level Annotations

Branches:
Dungeon (12/15)            Temple (1/1) D:6            Lair (0/6) D:9
    Orc (0/2) D:10

Altars:
Ashenzari
Cheibriados
Dithmenos
Elyvilon
Fedhas
Gozag
Hepliaklqana
Kikubaaqudgha
Makhleb
Nemelex Xobeh
Okawaru
Qazlal
Ru
Sif Muna
Trog
Uskayaw
Vehumet
Wu Jian
Xom
Yredelemnul
Zin
The Shining One

Shops:
D:8 !   D:10 (

Annotations:
D:8 2 transporters, 4FPSwarrior's ghost, novice DgCj Gauntlet 7 transporters, exclusion: oklob plant


Innate Abilities, Weirdness & Mutations

You reflexively headbutt those who attack you in melee.
You have a pair of horns on your head.


Message History

You furiously retaliate!
You headbutt the spectral centaur warrior.
You block the spectral centaur warrior's attack.
You block the spectral centaur warrior's attack.
The spectral centaur warrior hits you but does no damage.
You see here a runed long sword.
e - a runed long sword The spectral centaur warrior hits you.
* * * LOW HITPOINT WARNING * * *
You feel drained.
* * * LOW HITPOINT WARNING * * *
You block the spectral centaur warrior's attack.
The death drake breathes miasma at you.
The foul vapour engulfs the spectral centaur warrior.
The spectral centaur warrior completely resists.
You are engulfed in dark miasma.
You are lethally poisoned!
You feel your flesh rotting away!
You feel ill.
You die...

## ### ### ### ### #
##≈###≈###≈###≈###≈###
#≈≈≈#≈≈≈#≈≈≈#≈≈≈#≈≈≈#≈
#≈...................
##.#########...######
##≈.###...###.8.#.##©.
#≈≈.###Z..###...#..##. #.
##≈.##°##°..#####...#. #.8
##.#@°#k#..#©.©#©##.#
#...##..##°Z##..#.8.###.#.
#.8.#...###°°.###...##..##
#...#.∩.###°..###.8.#....#
#.©.#...#########...######
....#.8.....#.....8.#.....
#.©.#...#########...######
#...#.∩.#.3.3.###.8.#PD...
#.8.#...#/##.####...#D#.#.


You could see a death drake, a spectral centaur warrior, 2 sixfirhies and a
centaur warrior zombie.

Vanquished Creatures
  Harold (D:8)
  A two-headed ogre (D:9)
  A cyclops (D:9)
  A gargoyle (D:12)
  A komodo dragon (D:11)
  A troll (D:6)
  Grinder (D:4)
  A spriggan (D:7)
  3 flying skulls (Gauntlet)
  A wyvern (D:11)
  A vampire (D:12)
  7 yaks (D:11)
  Menkaure (D:7)
  2 swamp worms (Gauntlet)
  An acid dragon (D:11)
  2 water moccasins
  An orc warrior (D:9)
  3 sky beasts
  A black bear (D:8)
  2 ice beasts
  5 ogres
  A necrophage (D:6)
  9 centaurs
  A crocodile (D:11)
  3 bullfrogs
  22 killer bees
  4 scorpions
  3 howler monkeys (D:11)
  2 crimson imps (D:9)
  3 bullfrog zombies
  5 hounds
  2 bullfrog skeletons (D:7)
  6 orc priests
  3 centaur skeletons
  Jessica (D:2)
  Natasha (thrice) (D:3)
  Ijyb (D:5)
  3 iguanas
  3 orc wizards
  5 worker ants
  A killer bee zombie (D:10)
  2 hound skeletons
  Robin (D:3)
  10 adders
  6 shadow imps
  2 adder zombies (D:5)
  2 worms
  2 dart slugs
  5 leopard geckos
  35 orcs
  7 bats
  5 giant cockroaches
  13 goblins
  8 hobgoblins
  8 jackals
  A kobold (D:2)
  4 quokkas
  7 frilled lizards
  A jackal skeleton (D:6)
  A quokka skeleton (D:5)
  A quokka zombie (D:8)
  10 rats
250 creatures vanquished.

Notes
Turn   | Place    | Note
-------+----------+-------------------------------------------
     0 | D:1      | Peloso the Minotaur Fighter began the quest for the Orb.
     0 | D:1      | Reached XP level 1. HP: 19/19 MP: 0/0
   202 | D:1      | Reached XP level 2. HP: 24/27 MP: 1/1
   727 | D:2      | Noticed Jessica
   728 | D:2      | Killed Jessica
   728 | D:2      | Reached skill level 3 in Long Blades
   728 | D:2      | Reached XP level 3. HP: 33/33 MP: 2/2
   829 | D:2      | Reached XP level 4. HP: 33/40 MP: 3/3
  1101 | D:2      | Found a deep blue altar of Sif Muna.
  1290 | D:3      | Reached XP level 5. HP: 46/46 MP: 4/4
  1473 | D:3      | Noticed Natasha
  1479 | D:3      | Killed Natasha
  1479 | D:3      | Reached skill level 5 in Armour
  1479 | D:3      | Reached skill level 5 in Shields
  1504 | D:3      | Noticed Natasha
  1512 | D:3      | Killed Natasha
  1512 | D:3      | Reached skill level 4 in Long Blades
  1818 | D:3      | Noticed Robin
  1828 | D:3      | Killed Robin
  1828 | D:3      | Reached skill level 1 in Dodging
  1930 | D:3      | Noticed Natasha
  1938 | D:3      | Killed Natasha
  2081 | D:4      | Reached XP level 6. HP: 53/53 MP: 5/5
  2680 | D:4      | Noticed Grinder
  2684 | D:4      | Paralysed by Grinder for 2 turns
  2690 | D:4      | Killed Grinder
  2690 | D:4      | Reached skill level 5 in Long Blades
  2930 | D:5      | Entered Level 5 of the Dungeon
  2935 | D:5      | Reached XP level 7. HP: 59/60 MP: 6/6
  3038 | D:5      | Reached skill level 6 in Long Blades
  3379 | D:5      | Noticed Ijyb
  3387 | D:5      | Killed Ijyb
  3901 | D:6      | Reached skill level 5 in Fighting
  3928 | D:6      | Reached skill level 7 in Long Blades
  4076 | D:6      | Reached XP level 8. HP: 45/68 MP: 7/7
  4121 | D:6      | Found a staircase to the Ecumenical Temple.
  4138 | Temple   | Entered the Ecumenical Temple
  4189 | Temple   | Became a worshipper of Warmaster Okawaru
  4227 | D:6      | Noticed a troll
  4239 | D:6      | Killed a troll
  4239 | D:6      | Reached skill level 8 in Long Blades
  4901 | D:6      | Reached skill level 1 in Stealth
  4902 | D:6      | Reached * piety under Okawaru
  5438 | D:7      | Reached skill level 9 in Long Blades
  5462 | D:7      | Reached XP level 9. HP: 67/77 MP: 8/8
  5464 | D:7      | Noticed Menkaure
  5481 | D:7      | Killed Menkaure
  5481 | D:7      | Reached ** piety under Okawaru
  6367 | D:8      | Found a transporter.
  6369 | D:8      | Noticed a moth of wrath
  6372 | D:8      | Found a bloodstained altar of Trog.
  6372 | D:8      | Noticed 4FPSwarrior's ghost (novice DgCj)
  6380 | D:8      | Found a transporter.
  6526 | D:8      | Reached skill level 10 in Long Blades
  6883 | D:8      | Found a glowing golden altar of the Shining One.
  6941 | D:8      | Found Mohiuvirr's Distillery.
  6948 | D:8      | Bought a potion of heal wounds for 55 gold pieces
  6948 | D:8      | Bought a potion of mutation for 88 gold pieces
  6948 | D:8      | Bought a potion of berserk rage for 55 gold pieces
  6948 | D:8      | Bought 2 potions of flight for 66 gold pieces
  6948 | D:8      | Bought a potion of haste for 110 gold pieces
  6948 | D:8      | Bought 2 potions of brilliance for 88 gold pieces
  6948 | D:8      | Bought a potion of lignification for 33 gold pieces
  6948 | D:8      | Bought a potion of ambrosia for 88 gold pieces
  7006 | D:8      | Noticed Harold
  7030 | D:8      | Killed Harold
  7338 | D:8      | Reached *** piety under Okawaru
  7343 | D:8      | Reached XP level 10. HP: 85/86 MP: 9/9
  7359 | D:8      | Reached skill level 1 in Invocations
  7532 | D:8      | Found a shimmering altar of Xom.
  7600 | D:9      | Reached skill level 11 in Long Blades
  7614 | D:9      | Found a staircase to the Lair.
  7694 | D:9      | Noticed a cyclops
  7715 | D:9      | Killed a cyclops
  7928 | D:9      | Noticed a two-headed ogre
  7937 | D:9      | Killed a two-headed ogre
  7937 | D:9      | Reached **** piety under Okawaru
  7937 | D:9      | Reached skill level 10 in Shields
  8068 | D:9      | Got a faintly glowing hunting sling
  8069 | D:9      | Identified the cursed +1 hunting sling "Taoneytt" {freeze,
                  | *Corrode rElec rC+ Int+4} (You found it on level 9 of the
                  | Dungeon)
  8293 | D:10     | Entered Level 10 of the Dungeon
  8293 | D:10     | Found a staircase to the Orcish Mines.
  8294 | D:10     | Found Cunkefru's Weapon Boutique.
  8994 | D:10     | Found Ivvoe's Book Boutique.
  9196 | D:11     | Reached skill level 12 in Long Blades
  9291 | D:11     | Noticed a five-headed hydra
  9645 | D:11     | Reached ***** piety under Okawaru
  9645 | D:11     | Reached XP level 11. HP: 94/94 MP: 11/11
  9685 | D:11     | Reached skill level 1 in Evocations
 10390 | D:12     | Found a gate leading to a gauntlet.
 10397 | Gauntlet | Entered a Gauntlet
 10397 | Gauntlet | Found a transporter.
 10397 | Gauntlet | Found a transporter.
 10399 | Gauntlet | Found a transporter.
 10399 | Gauntlet | Found a transporter.
 10403 | Gauntlet | Found a transporter.
 10403 | Gauntlet | Found a transporter.
 10437 | Gauntlet | Found a transporter.
 10441 | Gauntlet | Found a transporter.
 10445 | Gauntlet | Found a runed translucent door.
 10447 | Gauntlet | Found a runed translucent door.
 10449 | Gauntlet | Found a transporter.
 10458 | Gauntlet | Noticed a death drake
 10462 | Gauntlet | Noticed a sixfirhy
 10463 | Gauntlet | Noticed a sixfirhy
 10465 | Gauntlet | Found a transporter.
 10470 | Gauntlet | Noticed a sixfirhy
 10476 | Gauntlet | Noticed a sixfirhy
 10479 | Gauntlet | Found a transporter.
 10483 | Gauntlet | Found a transporter.
 10629 | Gauntlet | Received a gift from Okawaru
 10683 | Gauntlet | Noticed an oklob plant
 10729 | Gauntlet | Got a flickering granite ring
 10730 | Gauntlet | Identified the ring of Xom's Best Wishes {MR+ Str+7} (You
                  | found it in a Gauntlet)
 10771 | Gauntlet | HP: 4/95 [poisoned by a death drake (dark miasma)]
 10775 | Gauntlet | Engulfed by a death drake's foul pestilence

Levels and vault maps discovered:
D:1:      dpeg_arrival_short_road, layout_loops_ring, hangedman_decor_push
D:2:      layout_basic, overflow_temple_1_default, first_ration, uniq_jessica
D:3:      layout_loops_corners, uniq_robin, uniq_natasha
D:4:      layout_basic, uniq_grinder
D:5:      layout_basic, minmay_diced_spiral, uniq_ijyb
D:6:      layout_gridville, temple_statues
D:7:      layout_rooms, the_bakery, minmay_misc_feat_room, uniq_menkaure
D:8:      layout_basic, basic_altar, gammafunk_ghost_wrathful_warriors,
          serial_shops, shop, hangedman_decor_peaks_small, lemuel_centaur_altar,
          uniq_harold
D:9:      layout_loops_cross, lair_entry_dummy, small_chamber_with_monster
D:10:     layout_roguey, orc_david_3, serial_shops, shop
D:11:     layout_basic, minmay_misc_feat_x
D:12:     layout_rooms, gauntlet_entry_generic
Temple:   compressed_dpeg_circular_temple
Gauntlet: minmay_gauntlet_77_indecision
          [minmay_gauntlet_arena_77_radiant_squares,
          minmay_gauntlet_arena_77_two_lines, minmay_gauntlet_arena_77_fan,
          minmay_gauntlet_arena_77_museum, minmay_gauntlet_arena_77_cramped,
          minmay_gauntlet_arena_77_p_blocks, gauntlet_exit_spiral]

Skill      XL: |  1  2  3  4  5  6  7  8  9 10 11 |
---------------+----------------------------------+-----
Armour         | 4 5 6 7 8 9 |  9.7
Shields        | 4 5 6 7 9 10 11 | 11.5
Fighting       | 4 5 6 7 8 |  8.3
Long Blades    | 3 4 5 7 9 10 12 | 12.5
Dodging        | 1 2 3 4 |  4.5
Stealth        | 1 |  1.3
Invocations    | 1 |  1.6
Evocations     | 1 |  1.3

Action                   |  1- 3 |  4- 6 |  7- 9 | 10-12 || total
-------------------------+-------+-------+-------+-------++-------
Melee: Long sword        |    38 |   131 |   321 |   424 ||   914
       Headbutt          |     6 |    27 |    83 |   106 ||   222
Invok: Heroism           |       |       |     1 |     7 ||     8
       Finesse           |       |       |       |     2 ||     2
Evoke: Wand              |       |       |       |     7 ||     7
  Use: Potion            |       |       |     2 |     7 ||     9
       Scroll            |       |       |       |     9 ||     9
  Eat: Chunk             |       |     6 |    14 |    27 ||    47
Armor: Scale mail        |    12 |    46 |       |       ||    58
       Chain mail        |       |     4 |   116 |   172 ||   292
Dodge: Dodged            |    13 |    42 |    68 |   135 ||   258
Block: Shield            |    17 |    80 |   177 |   243 ||   517
       Rpst.: Long sword |     5 |    14 |    18 |    38 ||    75

Table legend:
 A = Non-vault XP
 B = Vault XP
 C = Vault XP percentage of total XP
 D = Non-vault monster count
 E = Vault monster count
 F = Vault count percentage of total count
                 A         B        C        D         E       F
            +---------+---------+-------+---------+---------+-------
      Total |   10848 |    3765 |  25.8 |     214 |      36 |  14.4
            +---------+---------+-------+---------+---------+-------
        D:1 |      26 |       0 |   0.0 |      17 |       0 |   0.0
        D:2 |      85 |      37 |  30.3 |      22 |       1 |   4.3
        D:3 |     155 |      71 |  31.4 |      12 |      12 |  50.0
        D:4 |      84 |     267 |  76.1 |      12 |       1 |   7.7
        D:5 |     390 |      40 |   9.3 |      16 |       2 |  11.1
        D:6 |     944 |       0 |   0.0 |      17 |       0 |   0.0
        D:7 |    1075 |     394 |  26.8 |      20 |       2 |   9.1
        D:8 |    1102 |    1432 |  56.5 |      23 |       5 |  17.9
        D:9 |    2177 |     525 |  19.4 |      26 |       3 |  10.3
       D:10 |    1045 |      15 |   1.4 |      16 |       5 |  23.8
       D:11 |    2936 |       0 |   0.0 |      28 |       0 |   0.0
       D:12 |     829 |       0 |   0.0 |       5 |       0 |   0.0
   Gauntlet |       0 |     984 | 100.0 |       0 |       5 | 100.0
            +---------+---------+-------+---------+---------+-------
